 Dungeon Crawl Stone Soup version 0.31-a0-692-gf03d1854d5 (webtiles) character file.

Game seed: 10612210317785812505

56 qw the Shooter (level 3, -1/22 HPs)
             Began as a Gargoyle Hunter on Sept 6, 2023.
             Slain by Robin
             ... wielding a +0 spear
              (3 damage)
             ... on level 2 of the Dungeon.
             The game lasted 00:00:26 (1018 turns).

qw the Shooter (Gargoyle Hunter)                    Turns: 1018, Time: 00:00:27

Health: -1/22      AC:  8    Str: 14    XL:     3   Next: 97%
Magic:  3/3        EV: 11    Int:  9    God:
Gold:   46         SH:  0    Dex: 15    Spells: 2/2 levels left

rFire   . . .        Y - +0 shortbow
rCold   . . .        (shield currently unavailable)
rNeg    + . .        d - +0 ring mail
rPois   inf          (no helmet)
rElec   +            (no cloak)
rCorr   .            (no gloves)
SInv    .            (no boots)
Will    .....        (no amulet)
Stlth   +            (no ring)
HPRegen 0.23/turn    (no ring)
MPRegen 0.08/turn

%: no passive effects
@: no status effects
A: sickness immunity, AC +3, negative energy resistance 1, electricity
resistance, torment resistance 1, petrification resistance
a: no special abilities


You were on level 2 of the Dungeon.
You visited 1 branch of the dungeon, and saw 3 of its levels.

You collected 46 gold pieces.


Innate Abilities, Weirdness & Mutations

You are immune to sickness and miasma.
Your stone body is resilient. (AC +3)
You are immune to poison.
You resist negative energy. (rN+)
You are resistant to electric shocks. (rElec)
You are resistant to unholy torment.
You are immune to petrification.


   Skills:
 + Level 2.5 Fighting
 - Level 5.0 Ranged Weapons
 - Level 1.3 Armour
 - Level 1.5 Dodging
 - Level 1.1 Stealth


You had 2 spell levels left.
You didn't know any spells.
Your spell library was empty.

Inventory:

Hand Weapons
 Y - a +0 shortbow (weapon)
Armour
 d - a +0 ring mail (worn)
 e - a +0 cloak
Jewellery
 c - a ring of ice
Scrolls
 b - a scroll of blinking {unknown}
Potions
 a - a potion of attraction {unknown}

Dungeon Overview and Level Annotations

Branches:
Dungeon (3/15)

Altars:

Annotations:
D:2 Robin


Message History

The goblin hits you with a +0 club.
You shoot an arrow. The arrow hits the goblin.
The goblin is severely wounded.
A hobgoblin comes into view.
The goblin hits you but does no damage. x2
You shoot an arrow. The arrow misses the goblin.
The goblin hits you but does no damage. x2
Robin roars a battlecry!
The goblins go into a battle-frenzy!
A goblin comes into view. It is wielding a +0 club.
The goblin hits you but does no damage.
The goblin hits you with a +1 dagger of draining.
You shoot an arrow. The goblin shouts!
The arrow hits the goblin!
You kill the goblin!
The goblin barely misses you.
You shoot an arrow. The arrow completely misses the goblin.
Robin throws the goblin at you! The goblin hits you but does no damage.
The goblin closely misses you.
You shoot an arrow.
The arrow hits the goblin but does no damage.
The goblin barely misses you. The goblin closely misses you.
The goblin hits you but does no damage. The goblin barely misses you.
You shoot an arrow. The arrow hits the goblin!
You kill the goblin!
Robin throws the goblin at you!
The goblin hits you with a +1 dagger of draining.
The goblin barely misses you.
You shoot an arrow. The arrow closely misses the goblin.
The goblin hits you with a +0 club.
The goblin hits you with a +1 dagger of draining.
You shoot an arrow. The arrow hits the goblin.
The goblin is severely wounded.
Robin hits you from afar with a +0 spear.
The goblin barely misses you. The goblin misses you.
You shoot an arrow. The arrow misses the goblin.
Robin hits you from afar with a +0 spear.
You die...
Robin says, "And that's why I'm the boss."

# ### # #.. #######
#.#
......#####.#####
..#.............#
..#.#.#####.##.##
..#.#..........#
......#..#..#.#####
.##.#.#..#..#...@g#
..#.#.......#####g#
###.....##.## g#
###......# g#
....##### g# #.##.
.# ... #. .# .. ..
.# #


You could see Robin, a hobgoblin (strong) and 3 goblins.

Vanquished Creatures
  2 adders
  A worm (D:2)
  A dart slug (D:1)
  4 orcs (D:3)
  3 endoplasms
  3 goblins
  3 hobgoblins
  A kobold (D:1)
  2 quokkas
  A ball python (D:1)
  2 bats
  4 frilled lizards (D:1)
  2 rats (D:2)
29 creatures vanquished.

Notes
Turn   | Place    | Note
-------+----------+-------------------------------------------
     0 | D:1      | qw the Gargoyle Hunter began the quest for the Orb.
     0 | D:1      | Reached XP level 1. HP: 12/12 MP: 1/1
     0 | D:1      | 0 ||| qw: Version: 0.3-a-76-g4403597
     0 | D:1      | 0 ||| qw: Game counter: 278
     0 | D:1      | 0 ||| qw: Melee chars always use a shield: true
     0 | D:1      | 0 ||| qw: God list: Okawaru
     0 | D:1      | 0 ||| qw: Allow faded altars: false
     0 | D:1      | 0 ||| qw: Do Orc after clearing Dungeon:15 true
     0 | D:1      | 0 ||| qw: Do second Lair branch before Depths: true
     0 | D:1      | 0 ||| qw: Lair rune preference: random
     0 | D:1      | 0 ||| qw: Goals: Normal
     0 | D:1      | 0 ||| PLANNING D:1-11
   285 | D:1      | Reached XP level 2. HP: 17/17 MP: 2/2
   657 | D:1      | 657 ||| UPGRADING to +0 ring mail.
   667 | D:1      | 667 ||| DROPPING +0 leather armour.
   668 | D:1      | 668 ||| READING scroll labelled IPLATIF SAICW.
   669 | D:1      | 669 ||| READING scroll labelled KOSENE HIYMOKH.
   670 | D:1      | 670 ||| DROPPING scroll of butterflies.
   706 | D:2      | 706 ||| STAIRDANCE
   717 | D:1      | Reached skill level 1 in Armour
   717 | D:1      | Reached XP level 3. HP: 18/21 MP: 3/3
   804 | D:2      | You fall into a shaft and drop 1 floor!
   872 | D:3      | 872 ||| READING 2 scrolls labelled ZISCHE UTEPLEPUQ.
   872 | D:3      | Found a faded altar of an unknown god.
   873 | D:3      | 873 ||| READING scroll labelled UCONAOFOACY.
   874 | D:3      | 874 ||| DROPPING scroll of revelation.
   892 | D:2      | Reached skill level 5 in Ranged Weapons
  1008 | D:2      | Noticed Robin
  1016 | D:2      | HP: 5/22 [goblin/+1 dagger of draining[Robin] (6)]
  1017 | D:2      | HP: 2/22 [Robin/+0 spear (3)]
  1018 | D:2      | Slain by Robin

Levels and vault maps discovered:
D:1:      scummos_arrival_simple_crosswalls, layout_basic
D:2:      layout_basic, uniq_robin
D:3:      layout_basic, gammafunk_temple_of_torment, nicolae_gozag_seed_capital,
          nicolae_overflow_hidden_temple, fedhas_altar_3,
          hellmonk_ecumenical_altar_leap_of_faith

Skill      XL: |  1  2  3 |
---------------+----------+-----
Armour         | 1 |  1.3
Ranged Weapons | 5 |  5.0
Fighting       | |  2.5
Dodging        | |  1.5
Stealth        | |  1.1

Action                     || total
---------------------------++-------
   Fire: Shortbow          ||   107
    Use: Scroll            ||     4
 Armour: Ring mail         ||    35
         Leather armour    ||     5
  Dodge: Dodged            ||    32

Table legend:
 A = Non-vault XP
 B = Vault XP
 C = Vault XP percentage of total XP
 D = Non-vault monster count
 E = Vault monster count
 F = Vault count percentage of total count
                 A         B        C        D         E       F
            +---------+---------+-------+---------+---------+-------
      Total |      78 |       3 |   3.7 |      27 |       2 |   6.9
            +---------+---------+-------+---------+---------+-------
        D:1 |      36 |       0 |   0.0 |      14 |       0 |   0.0
        D:2 |      30 |       3 |   9.1 |       9 |       2 |  18.2
        D:3 |      12 |       0 |   0.0 |       4 |       0 |   0.0
            +---------+---------+-------+---------+---------+-------
